 Dungeon Crawl Stone Soup version 0.19-a0-1932-g59670f6 (webtiles) character file.

115333 varam the Brawler (level 16, 0/135 HPs)
             Began as a Troll Monk on Oct 25, 2016.
             Was the Champion of Okawaru.
             Slain by a wolf spider (5 damage)
             ... on level 1 of the Spider Nest.
             The game lasted 01:36:06 (25834 turns).

varam the Brawler (Troll Monk)                     Turns: 25834, Time: 01:36:07

Health: 0/135      AC: 14    Str: 26    XL:     16   Next: 18%
Magic:  29/29      EV:  9    Int:  9    God:    Okawaru [******]
Gold:   1354       SH:  0    Dex: 18    Spells: 1 memorised, 15 levels left

rFire  . . .     SeeInvis +       - Unarmed
rCold  . . .     Gourm    +     U - +0 mottled dragon scales
rNeg   . . .     Faith    +     t - +0 shield "Guanex" {MR+ MP+9 Str+2}
rPois  +         Spirit   .     J - +0 hat {Int+3}
rElec  .         Reflect  .     c - +0 cloak {+Inv}
rCorr  .         Harm     .     (gloves unavailable)
MR     ++...                    (boots unavailable)
Stlth  +++.......               F - amulet of faith
                                E - ring of poison resistance
                                O - +4 ring of slaying

@: heroism, very slightly contaminated, held, repel missiles
A: unfitting armour, claws 3, see invisible, agile 1, fast metabolism 3,
gourmand, high mp 1, regeneration 1, shaggy fur 1, tough skin 2, MP-powered
wands, sturdy frame 1
a: Heroism, Finesse, Renounce Religion, Evoke Invisibility


You were on level 1 of the Spider Nest.
You worshipped Okawaru.
Okawaru was exalted by your worship.
You were very hungry.

You visited 5 branches of the dungeon, and saw 26 of its levels.

You collected 3088 gold pieces.
You spent 1734 gold pieces at shops.

Inventory:

Missiles
 k - 24 tomahawks
 x - 10 javelins of returning
 A - 17 javelins
 I - 15 large rocks (quivered)
 P - 3 throwing nets
Armour
 c - a +0 cloak of invisibility (worn)
 t - the +0 shield "Guanex" (worn) {MR+ MP+9 Str+2}
   (Okawaru gifted it to you on level 12 of the Dungeon)

   It affects your strength (+2).
   It affects your resistance to hostile enchantments.
   It affects your magic capacity (+9).
 J - a +0 hat of intelligence (worn)
 M - a +2 robe of resistance
 U - +0 mottled dragon scales (worn)
Jewellery
 l - an uncursed ring of flight {unknown}
 z - a +2 ring of evasion
 E - a ring of poison resistance (right claw)
 F - an amulet of faith (around neck)
 H - a +2 ring of dexterity {unknown}
 O - a +4 ring of slaying (left claw)
Wands
 b - a wand of acid (2/15)
 f - a wand of heal wounds (6/9)
 g - a wand of digging (18/24)
 p - a wand of flame (33/48)
 s - a wand of iceblast (12/15)
 B - a wand of lightning (6/15)
 C - a wand of disintegration (17/24)
 L - a wand of lightning (6/15)
 W - a wand of acid (4/15)
Scrolls
 e - 9 scrolls of remove curse {@r2}
 j - 4 scrolls of blinking
 q - 9 scrolls of teleportation
 r - 6 scrolls of fear
 u - a scroll of identify {@r1}
 y - 4 scrolls of fog
 N - 4 scrolls of magic mapping
Potions
 a - a potion of flight
 d - 7 potions of curing {@q1}
 m - 5 potions of heal wounds
 o - 3 potions of berserk rage
 D - 3 potions of agility
 G - 6 potions of might
 K - a potion of mutation {unknown}
Miscellaneous
 i - a phantom mirror
 X - a disc of storms
Comestibles
 h - 20 fruits
 n - a meat ration
 v - 2 slices of pizza
 w - a royal jelly


   Skills:
 + Level 3.3(8.3) Fighting
 + Level 6.2(11.2) Throwing
 - Level 9.1(14.1) Armour
 - Level 7.1(12.1) Dodging
 - Level 1.6(6.6) Stealth
 - Level 11.1(16.1) Shields
 + Level 18.9(23.9) Unarmed Combat
 - Level 1.2 Spellcasting
 - Level 1.2 Charms
 - Level 1.4 Air Magic
 - Level 3.1 Invocations
 + Level 5.0 Evocations


You had 15 spell levels left.
You knew the following spells:

 Your Spells              Type           Power        Failure   Level  Hunger
a - Repel Missiles        Chrm/Air       #.....       34%         2    ###....


Dungeon Overview and Level Annotations

Branches:
Dungeon (15/15)            Temple (1/1) D:4            Lair (6/6) D:11
 Shoals (0/4) Lair:2       Spider (2/4) Lair:4        Slime (0/5) Lair:5
    Orc (2/2) D:11            Elf (0/3) Orc:2        Vaults (0/5) D:13
 Depths (0/5) D:15

Altars:
Cheibriados
Dithmenos
Elyvilon
Fedhas
Gozag
Hepliaklqana
Okawaru
Qazlal
Uskayaw
Xom
Yredelemnul
Zin
The Shining One
Jiyva

Shops:
D:10 ?   D:14 !   Orc:1 (   Orc:2 (*[}:

Portals:
Trove: D:10 (lose all piety)

Annotations:
D:10 exclusion: ice statue


Innate Abilities, Weirdness & Mutations

You are too large for most types of armour.
You have claws for hands.
Your metabolism is lightning-fast.
You like to eat raw meat.
Your natural rate of healing is unusually fast.
You are covered in fur. (AC +1)
You have very tough skin. (AC +2)
You have supernaturally acute eyesight. (SInv)
You are agile. (Dex +2)
You have an increased reservoir of magic. (+10% MP)
You expend magic power (3 MP) to strengthen your wands.
Your movements are slightly less encumbered by armour. (ER -2)


Message History

You are very lightly contaminated with residual magic.
As you read the scroll of blinking, it crumbles to dust.
The jumping spider leaps! x2
The jumping spider leaps!
There is a stone staircase leading up here.
The jumping spider leaps!
You block the jumping spider's attack. x2
You climb upwards.
The jumping spider hisses angrily. x2; The wolf spider hisses angrily.
A wolf spider and 5 redbacks come into view.
The wolf spider hisses angrily.
You hear an angry hiss.
The jumping spider pounces on you!
* * * LOW HITPOINT WARNING * * *
You are caught in a web!
The jumping spider bites you.
* * * LOW HITPOINT WARNING * * *
The wolf spider barely misses you.
The wolf spider bites you but does no damage.
The jumping spider leaps! x2; The wolf spider hits you!
* * * LOW HITPOINT WARNING * * *
The wolf spider bites you.
You die...

# . .>. #####
##s. s...#.#.#
.....
s......§#...s.s
#......@ss#
##s##..s..s.#
#..§.##.##
#...... #
#...#..#
....##... ....
≈#.. .## .##^
### ###)#


You could see a wolf spider, 3 jumping spiders, a tarantella and 5 redbacks.

Vanquished Creatures
  Arachne (Spider:2)
  Jorgrun (Spider:2)
  Rupert (D:15)
  Agnes (D:14)
  Azrael (D:14)
  An ettin (D:15)
  4 ogre magi
  Erolcha (D:11)
  Harold (Orc:1)
  2 vault guards (D:13)
  Erica (Orc:1)
  8 hydras
  2 catoblepae
  A centaur warrior (D:15)
  A queen ant (Lair:3)
  A deep troll shaman (Lair:6)
  2 tengu warriors (D:15)
  17 death yaks
  Urug (D:11)
  The ghost of Zenonira the Cleaver, a novice FoFi of Cheibriados (D:8)
  Nergalle (Lair:2)
  Sonja (D:14)
  A deep elf knight (D:13)
  4 skeletal warriors (D:13)
  2 wizards (D:15)
  4 orc knights
  5 hill giants
  A deep elf archer (D:15)
  5 orb spiders
  3 cyclopes
  An orc sorcerer (D:15)
  3 ugly things
  2 deep elf magi
  5 wolf spiders
  11 elephants
  A siren (Lair:2)
  4 black mambas
  2 gargoyles
  2 torpor snails
  9 spiny frogs
  4 rime drakes
  2 kobold demonologists (D:15)
  3 demonic crawlers
  8 komodo dragons
  An efreet (D:15)
  A freezing wraith (D:15)
  2 tengu conjurers (D:13)
  13 jumping spiders
  2 polar bears
  6 trolls
  15 two-headed ogres
  A harpy skeleton (D:15)
  A two-headed ogre (shapeshifter) (D:14)
  12 slime creatures
  7 blink frogs
  A blink frog (shapeshifter) (D:15)
  15 hippogriffs
  4 tarantellas
  3 wraiths
  22 redbacks
  A shadow (D:15)
  36 yaks
  3 fire elementals (D:14)
  A human (D:13)
  7 wyverns
  A hungry ghost (D:8)
  8 basilisks
  5 vampire mosquitoes
  Menkaure (D:4)
  12 soldier ants
  3 mottled dragons
  6 wargs
  4 hell hounds (D:14)
  13 porcupines
  8 water moccasins
  16 orc warriors
  4 ice beasts
  4 sky beasts
  2 necrophages
  37 ogres
  3 black bears
  3 phantoms
  8 boggarts
  7 centaurs
  9 crocodiles
  10 wolves
  2 big kobolds
  17 bullfrogs
  5 scorpions
  5 wights (D:9)
  2 vampire bats (D:4)
  3 howler monkeys
  8 crimson imps
  2 centaur zombies
  6 hounds
  A quasit (D:8)
  A bullfrog skeleton (D:10)
  3 jellies
  15 orc priests
  19 orc wizards
  4 centaur skeletons
  Jessica (D:2)
  5 iguanas
  Ijyb (D:2)
  Terence (D:2)
  40 worker ants
  A hound zombie (D:8)
  Robin (D:2)
  2 hound skeletons
  A worker ant zombie (D:10)
  6 gnolls
  A howler monkey skeleton (D:8)
  13 adders
  An ooze (D:5)
  An adder zombie (D:6)
  3 worms
  93 orcs
  A ball python (D:2)
  4 giant cockroaches
  16 goblins
  7 hobgoblins
  8 jackals
  5 quokkas
  19 bats
  4 frilled lizards
  2 goblin skeletons (D:9)
  2 goblin zombies (D:9)
  A hobgoblin zombie (D:9)
  14 kobolds
  A kobold skeleton (D:9)
  A kobold zombie (D:9)
  A leopard gecko skeleton (D:7)
  6 rats
807 creatures vanquished.

Vanquished Creatures (others)
  An orc priest (Orc:1)
  9 fungi
  3 plants
13 creatures vanquished.

Grand Total: 820 creatures vanquished

Notes
Turn   | Place    | Note
-------+----------+-------------------------------------------
     0 | D:1      | varam the Troll Monk began the quest for the Orb.
     0 | D:1      | Reached XP level 1. HP: 22/22 MP: 0/0
   192 | D:1      | Reached XP level 2. HP: 29/29 MP: 1/1
   418 | D:2      | Noticed Jessica
   420 | D:2      | Killed Jessica
   420 | D:2      | Reached XP level 3. HP: 36/36 MP: 2/2
   453 | D:2      | Noticed Ijyb
   486 | D:2      | Killed Ijyb
   486 | D:2      | Reached XP level 4. HP: 42/44 MP: 3/3
   535 | D:2      | Noticed Robin
   575 | D:3      | Reached skill level 4 in Unarmed Combat
   670 | D:3      | Reached XP level 5. HP: 38/52 MP: 4/4
   889 | D:2      | Killed Robin
  1084 | D:2      | Noticed Terence
  1093 | D:2      | Killed Terence
  1093 | D:2      | Reached skill level 5 in Unarmed Combat
  1429 | D:4      | Found a staircase to the Ecumenical Temple.
  1432 | D:4      | Found a stormy altar of Qazlal.
  1443 | Temple   | Entered the Ecumenical Temple
  1460 | Temple   | Became a worshipper of Warmaster Okawaru
  1460 | Temple   | Reached * piety under Okawaru
  1460 | Temple   | Reached ** piety under Okawaru
  2838 | D:4      | Reached skill level 1 in Shields
  2955 | D:4      | Noticed Menkaure
  2962 | D:4      | Killed Menkaure
  2962 | D:4      | Reached XP level 6. HP: 41/59 MP: 2/5
  3003 | D:4      | Reached skill level 6 in Unarmed Combat
  3102 | D:5      | Entered Level 5 of the Dungeon
  3154 | D:5      | Reached XP level 7. HP: 66/66 MP: 6/6
  3336 | D:5      | Reached *** piety under Okawaru
  3490 | D:5      | Reached skill level 7 in Unarmed Combat
  3767 | D:6      | Reached XP level 8. HP: 74/74 MP: 7/7
  3828 | D:6      | Found a snail-covered altar of Cheibriados.
  4086 | D:6      | Found an opulent altar of Gozag.
  4086 | D:6      | Found a faded altar of an unknown god.
  4092 | D:6      | Found a faded altar of an unknown god.
  4094 | D:6      | Found a faded altar of an unknown god.
  4096 | D:6      | Found a faded altar of an unknown god.
  4203 | D:6      | Reached skill level 8 in Unarmed Combat
  4214 | D:6      | Found a white marble altar of Elyvilon.
  4262 | D:6      | Reached **** piety under Okawaru
  4424 | D:6      | You fall through a shaft!
  4651 | D:6      | Found a basalt altar of Yredelemnul.
  4777 | D:7      | Reached skill level 5 in Dodging
  5020 | D:7      | Reached skill level 9 in Unarmed Combat
  5020 | D:7      | Reached XP level 9. HP: 52/80 MP: 8/8
  5031 | D:7      | Gained mutation: You possess an exceptional clarity of mind. [mutagenic meat]
  5032 | D:7      | Gained mutation: You have an increased reservoir of magic. (+10% MP) [mutagenic meat]
  5033 | D:7      | Gained mutation: Your movements are slightly less encumbered by armour. (ER -2) [mutagenic meat]
  5034 | D:7      | Gained mutation: You are weak. (Str -2) [mutagenic meat]
  5035 | D:7      | Lost mutation: You possess an exceptional clarity of mind. [mutagenic meat]
  5036 | D:7      | Gained mutation: You are agile. (Dex +2) [mutagenic meat]
  5504 | D:8      | Reached ***** piety under Okawaru
  5524 | D:8      | Gained mutation: You expend magic power (3 MP) to strengthen your wands. [mutagenic meat]
  5526 | D:8      | Gained mutation: You have supernaturally acute eyesight. (SInv) [mutagenic meat]
  5584 | D:8      | Noticed Zenonira's ghost (novice FoFi)
  5601 | D:8      | Killed Zenonira's ghost
  5601 | D:8      | Reached skill level 10 in Unarmed Combat
  6039 | D:9      | Found a glowing golden altar of the Shining One.
  6134 | D:9      | Reached XP level 10. HP: 87/89 MP: 10/10
  6163 | D:9      | Received a gift from Okawaru
  6232 | D:9      | Reached skill level 5 in Shields
  6232 | D:9      | Reached skill level 11 in Unarmed Combat
  6261 | D:9      | Found a shimmering altar of Xom.
  7119 | D:10     | Entered Level 10 of the Dungeon
  7153 | D:10     | Noticed an ice statue
  7570 | D:10     | Found Mudo Ekh's Magic Scroll Emporium.
  7588 | D:10     | Bought a scroll of identify for 24 gold pieces
  7588 | D:10     | Bought 2 scrolls of identify for 48 gold pieces
  7588 | D:10     | Bought a scroll of identify for 24 gold pieces
  7588 | D:10     | Bought a scroll of identify for 24 gold pieces
  7699 | D:10     | Found a portal to a secret trove of treasure.
  7977 | D:11     | Noticed a green ugly thing
  7993 | D:11     | Killed a green ugly thing
  7993 | D:11     | Received a gift from Okawaru
  7993 | D:11     | Reached skill level 12 in Unarmed Combat
  8013 | D:11     | Lost mutation: You are weak. (Str -2) [mutagenic meat]
  8092 | D:11     | Found a staircase to the Orcish Mines.
  8117 | D:11     | Reached XP level 11. HP: 75/96 MP: 11/11
  8177 | D:11     | Found an opulent altar of Gozag.
  8339 | D:11     | Noticed Urug
  8355 | D:11     | Killed Urug
  8368 | Orc:1    | Entered Level 1 of the Orcish Mines
  8368 | Orc:1    | Noticed Harold
  8368 | Orc:1    | Noticed Erica
  8479 | D:11     | Found a staircase to the Lair.
  8499 | D:11     | Reached skill level 1 in Invocations
  9052 | D:11     | Noticed Erolcha
  9061 | D:11     | Killed Erolcha
  9282 | D:13     | Noticed a hill giant
  9292 | D:12     | Killed a hill giant
  9463 | D:12     | Noticed a deep elf mage
  9479 | D:12     | Killed a deep elf mage
  9562 | D:12     | Noticed a white ugly thing
  9584 | D:12     | Killed a white ugly thing
  9584 | D:12     | Reached ****** piety under Okawaru
  9830 | D:12     | Received a gift from Okawaru
  9830 | D:12     | Reached skill level 13 in Unarmed Combat
  9843 | D:12     | Got an encrusted shield {god gift}
  9849 | D:12     | Identified the +0 shield "Guanex" {MR+ MP+9 Str+2} (Okawaru gifted it to you on level 12 of the Dungeon)
 10015 | Lair:1   | Entered Level 1 of the Lair of Beasts
 10385 | D:13     | Noticed a vault guard
 10385 | D:13     | Noticed an orc knight
 10415 | D:13     | Reached skill level 1 in Throwing
 10866 | D:13     | Noticed a deep elf knight
 10868 | D:13     | Noticed an orc knight
 10900 | D:13     | Killed a deep elf knight
 10900 | D:13     | Reached XP level 12. HP: 94/104 MP: 14/14
 11555 | D:13     | Killed a vault guard
 11576 | D:13     | Found a gate to the Vaults.
 11576 | D:13     | Noticed a vault guard
 11584 | D:13     | Killed a vault guard
 11584 | D:13     | Received a gift from Okawaru
 11584 | D:13     | Reached skill level 14 in Unarmed Combat
 11722 | D:13     | Reached skill level 5 in Throwing
 12012 | D:14     | Noticed Sonja
 12158 | D:14     | Reached skill level 1 in Armour
 12167 | D:14     | Received a gift from Okawaru
 12203 | D:14     | Noticed Azrael
 12703 | Lair:1   | Reached XP level 13. HP: 73/110 MP: 15/15
 12909 | Lair:1   | Reached skill level 15 in Unarmed Combat
 13424 | Lair:2   | Found a staircase to the Shoals.
 13428 | Lair:2   | Received a gift from Okawaru
 13440 | Lair:2   | Got a fine cloak {god gift}
 13446 | Lair:2   | Identified the +0 cloak of Duck's Teeth {Str+3} (Okawaru gifted it to you on level 2 of the Lair of Beasts)
 13778 | Lair:2   | Noticed Nergalle
 13789 | Lair:2   | Killed Nergalle
 14586 | Lair:4   | Reached skill level 10 in Shields
 14617 | Lair:4   | Received a gift from Okawaru
 14627 | Lair:4   | Reached skill level 5 in Armour
 14646 | Lair:4   | Received a gift from Okawaru
 14985 | Lair:4   | Found a hole to the Spider Nest.
 15753 | Lair:3   | Received a gift from Okawaru
 15761 | Lair:3   | Reached skill level 16 in Unarmed Combat
 15761 | Lair:3   | Reached XP level 14. HP: 94/118 MP: 16/16
 15766 | Lair:3   | Received a gift from Okawaru
 17079 | Lair:5   | Found a viscous altar of Jiyva.
 17080 | Lair:5   | Found a staircase to the Slime Pits.
 17914 | Lair:6   | Entered Level 6 of the Lair of Beasts
 18591 | Lair:6   | Received a gift from Okawaru
 18592 | Lair:6   | Got a tattered robe {god gift}
 18641 | Lair:6   | Identified the -5 robe of Misfortune {-Cast *Contam *Tele *Drain EV-5 Stlth-- *Curse} (Okawaru gifted it to you on level 6 of the Lair of Beasts)
 19111 | Lair:6   | Reached skill level 17 in Unarmed Combat
 20004 | Orc:1    | Killed Harold
 20011 | Orc:1    | Killed Erica
 20175 | Orc:1    | Received a gift from Okawaru
 20383 | Orc:1    | Found Hetuas's Weapon Emporium.
 20487 | Orc:2    | Entered Level 2 of the Orcish Mines
 20592 | Orc:2    | Found Muotu Veuse's Book Emporium.
 20622 | Orc:2    | Found a staircase to the Elven Halls.
 20917 | Orc:2    | Reached XP level 15. HP: 126/126 MP: 18/18
 21300 | Orc:2    | Found Kuykewky's Gadget Shoppe.
 21300 | Orc:2    | Found Cunwir's Antique Armour Shop.
 21301 | Orc:2    | Found Kewamm's Assorted Antiques.
 21301 | Orc:2    | Found Kihun's Antique Weapon Emporium.
 21339 | Orc:2    | Bought a glass wand for 144 gold pieces
 21341 | Orc:2    | Bought a wand of digging (18/24) for 704 gold pieces
 21662 | Orc:2    | Bought a book of Air for 350 gold pieces
 21665 | Orc:2    | Learned a level 2 spell: Repel Missiles
 21812 | D:14     | Reached skill level 18 in Unarmed Combat
 21819 | D:14     | Reached skill level 1 in Evocations
 21871 | D:14     | Found Tuudas's Distillery.
 22053 | D:14     | Killed Sonja
 22237 | D:14     | Found a stormy altar of Qazlal.
 22295 | D:14     | Noticed Agnes
 22338 | D:14     | Killed Agnes
 22338 | D:14     | Reached skill level 1 in Air Magic
 22372 | D:14     | Found a glowing silver altar of Zin.
 22472 | D:15     | Entered Level 15 of the Dungeon
 22472 | D:15     | Noticed Rupert
 22539 | D:15     | Received a gift from Okawaru
 22540 | D:15     | Got a steaming robe {god gift}
 22579 | D:15     | Killed Rupert
 22579 | D:15     | Reached skill level 1 in Spellcasting
 22579 | D:15     | Reached skill level 1 in Charms
 22692 | D:15     | Identified the +1 robe "Xejufo" {rElec rN+ Dex-2} (Okawaru gifted it to you on level 15 of the Dungeon)
 23221 | D:14     | Killed Azrael
 23663 | D:15     | Found a staircase to the Depths.
 23934 | D:15     | Found a shadowy altar of Dithmenos.
 24315 | D:14     | Bought a potion of curing for 39 gold pieces
 24315 | D:14     | Bought a potion of agility for 52 gold pieces
 24315 | D:14     | Bought a potion of berserk rage for 65 gold pieces
 24315 | D:14     | Bought a potion of curing for 39 gold pieces
 24315 | D:14     | Bought a potion of heal wounds for 65 gold pieces
 24315 | D:14     | Bought a potion of heal wounds for 65 gold pieces
 24315 | D:14     | Bought a potion of might for 52 gold pieces
 24315 | D:14     | Bought a potion of curing for 39 gold pieces
 24571 | Spider:1 | Entered Level 1 of the Spider Nest
 24638 | Spider:1 | Received a gift from Okawaru
 24922 | Spider:1 | Received a gift from Okawaru
 25125 | Spider:1 | Reached XP level 16. HP: 112/133 MP: 20/20
 25575 | Spider:2 | Noticed Arachne
 25591 | Spider:2 | Killed Arachne
 25732 | Spider:2 | Received a gift from Okawaru
 25766 | Spider:2 | Noticed Jorgrun
 25774 | Spider:2 | Killed Jorgrun
 25774 | Spider:2 | Reached skill level 5 in Evocations
 25834 | Spider:1 | HP: 5/135 [wolf spider (12)]
 25834 | Spider:1 | Slain by a wolf spider

Vault maps used:
D:1:      minmay_arrival_loop, st_stairs_11
D:2:      first_bread, uniq_jessica, uniq_iyjb, uniq_robin, uniq_terence
D:4:      grunt_qazlal_sundering, minmay_guarded_unrand_vampires_tooth,
          uniq_menkaure
D:6:      grunt_temple_overflow_open, chequers_temple_overflow_minitemple,
          lemuel_coloured_pillars_altar, minmay_misc_feat_plants
D:8:      grunt_ogre_cave
D:9:      basic_altar, special_room, nicolae_tso_besieged_by_evil
D:10:     cheibrodos_frozen_isle, serial_shops, shop_statue, enter_trove_6
D:11:     david_lair_generic, orc_0_dummy, nicolae_two_hexagons,
          minmay_misc_feat_hallway,
          nicolae_gozag_cash_rules_everything_around_me, uniq_erolcha, uniq_urug
D:13:     grunt_vaults_entry_fortified, kennysheep_potato
D:14:     serial_shops, nicolae_shop_behind_doors, kennysheep_small_spiral,
          hangedman_feature_mirror, kennysheep_generic_room_4, uniq_azrael,
          uniq_agnes, uniq_sonja
D:15:     hangedman_depths_entry_civil_slaughter, grunt_dithmenos_shadows,
          uniq_rupert
Temple:   regret_index_temple_sphere_string
Lair:2:   minmay_shoals_entry_lonely_mermaid, uniq_nergalle
Lair:3:   grunt_forest_small_clearings, zaba_anthell, grunt_megastairs_4,
          infiniplex_staircase_pool
Lair:4:   spider_nest_entry_rubble, special_room
Lair:5:   slime_altar_1, minmay_hedge_maze, beast_lair_carwin_6
Lair:6:   grunt_lair_end_beastmaster
Spider:1: spider_trap
Spider:2: uniq_arachne, uniq_jorgrun
Orc:1:    serial_shops, nicolae_shop_behind_doors, uniq_harold, uniq_erica
Orc:2:    st_orc_ogre_mass, serial_shops, shop_statue

Skill      XL: |  1  2  3  4  5  6  7  8  9 10 11 12 13 14 15 16 |
---------------+-------------------------------------------------+-----
Dodging        | 3 5 7 |  7.1
Unarmed Combat | 4 5 6 7 9 10 12 13 14 16 17 18 | 18.9
Shields        | 1 2 4 7 9 10 11 | 11.1
Invocations    | 3 |  3.1
Throwing       | 1 6 |  6.2
Armour         | 2 5 8 9 |  9.1
Evocations     | 4 5 |  5.0
Air Magic      | 1 |  1.4
Spellcasting   | 1 |  1.2
Charms         | 1 |  1.2
Fighting       | 3 |  3.3
Stealth        | |  1.6

Action                   |  1- 3 |  4- 6 |  7- 9 | 10-12 | 13-15 | 16-18 || total
-------------------------+-------+-------+-------+-------+-------+-------++-------
Melee: Unarmed           |    53 |   191 |   317 |   758 |  1456 |    80 ||  2855
       Punch             |     1 |     2 |    15 |       |       |       ||    18
Throw: Tomahawk          |       |       |     1 |     2 |     9 |       ||    12
       Javelin           |       |       |       |    10 |    56 |       ||    66
       Large rock        |       |       |       |       |    67 |     3 ||    70
 Cast: Repel Missiles    |       |       |       |       |     1 |     1 ||     2
Invok: Heroism           |       |     2 |     2 |    16 |    18 |     3 ||    41
       Finesse           |       |       |       |       |     2 |       ||     2
 Abil: Evoke Invisibilit |       |       |       |       |     1 |     2 ||     3
  Use: Scroll            |       |       |       |    14 |     5 |     2 ||    21
       Potion            |       |       |       |       |     2 |       ||     2
 Stab: Sleeping          |       |     2 |     4 |     2 |     5 |     2 ||    15
       Distracted        |       |     1 |     1 |     1 |     3 |       ||     6
       Invisible         |       |       |       |       |     4 |       ||     4
  Eat: Chunk             |     6 |    28 |    44 |    62 |   103 |     2 ||   245
       Fruit             |       |       |       |       |     4 |       ||     4
       Royal jelly       |       |       |       |       |     2 |       ||     2
       Beef jerky        |       |       |       |       |       |     1 ||     1
Armor: Robe              |    16 |    80 |    57 |    22 |       |       ||   175
       Mottled dragon sc |       |       |       |    44 |   209 |    33 ||   286
Dodge: Dodged            |    21 |   149 |   133 |   163 |   609 |    42 ||  1117
       Deflected         |       |       |       |       |     1 |       ||     1
Block: Large shield      |       |       |     1 |   284 |       |       ||   285
       Shield            |       |       |       |   112 |   724 |    33 ||   869
